 Dungeon Crawl Stone Soup version 0.30-a0-845-g7c6808c8ce (webtiles) character file.

Game seed: 15215610509446529457

18 bobo the Insei (level 2, -1/29 HPs)
             Began as a Gnoll Chaos Knight on Mar 2, 2023.
             Was a Plaything of Xom.
             Slain by an ufetubus (3 damage)
             ... summoned by Xom
             ... on level 1 of the Dungeon.
             The game lasted 00:02:15 (914 turns).

bobo the Insei (Gnoll Chaos Knight)                  Turns: 914, Time: 00:02:15

Health: -1/29      AC:  5    Str: 11    XL:     2   Next: 66%
Magic:  2/2        EV: 12    Int: 11    God:    Xom [....*.]
Gold:   49         SH:  0    Dex: 11    Spells: 2/2 levels left

rFire   . . .      SeeInvis .      - Unarmed
rCold   . . .      Faith    .    (no shield)
rNeg    . . .      Spirit   .    a - +2 leather armour
rPois   .          Reflect  .    (no helmet)
rElec   .          Rampage  .    (no cloak)
rCorr   .                        (no gloves)
Will    .....                    (no boots)
Stlth   +                        (no amulet)
HPRegen 0.24/turn                (no ring)
MPRegen 0.08/turn                (no ring)

@: mighty
A: fangs 1, strong nose, distributed training
a: Renounce Religion


You were on level 1 of the Dungeon.
You worshipped Xom.
You were a beloved toy of Xom.
You visited 1 branch of the dungeon, and saw 1 of its levels.

You collected 49 gold pieces.

Inventory:

Armour
 a - a +2 leather armour (worn)
Scrolls
 c - a scroll of silence {unknown}
Miscellaneous
 b - a piece from Xom's chessboard (4/15) (quivered)


   Skills:
 + Level 6.5 Fighting
 + Level 0.5 Short Blades
 + Level 0.5 Long Blades
 + Level 0.5 Axes
 + Level 0.5 Maces & Flails
 + Level 0.5 Polearms
 + Level 0.5 Staves
 + Level 0.5 Ranged Weapons
 + Level 0.5 Throwing
 + Level 4.5 Armour
 + Level 2.5 Dodging
 + Level 0.5 Stealth
 + Level 0.5 Shields
 + Level 6.5 Unarmed Combat
 + Level 0.5 Spellcasting
 + Level 0.3 Conjurations
 + Level 0.3 Hexes
 + Level 0.3 Summonings
 + Level 0.3 Necromancy
 + Level 0.3 Translocations
 + Level 0.3 Transmutations
 + Level 0.3 Fire Magic
 + Level 0.3 Ice Magic
 + Level 0.3 Air Magic
 + Level 0.3 Earth Magic
 + Level 0.3 Poison Magic
 + Level 0.6 Invocations
 + Level 0.5 Evocations


You had 2 spell levels left.
You didn't know any spells.
Your spell library was empty.

Dungeon Overview and Level Annotations

Branches:
Dungeon (1/15)

Altars:


Innate Abilities, Weirdness & Mutations

You have very sharp teeth.
Your uncanny sense of smell can sniff out nearby items.
Your experience applies equally to all skills.


Message History

The ufetubus hits you. The ufetubus closely misses you.
The ufetubus misses you. The ufetubus hits you. The shadow imp gestures at you.
Pain shoots through your body!
The ufetubus hits you but does no damage.
The ufetubus hits you. The ufetubus attacks as you move away!
The ufetubus barely misses you. The ufetubus hits you. The ufetubus misses you.
The ufetubus closely misses you.
You make a move on Xom's chessboard...
The ufetubus resists with significant effort.
The ufetubus closely misses you. x2
You hit the ufetubus.
The ufetubus is moderately wounded.
The ufetubus closely misses you. The ufetubus hits you.
You hit the shadow imp.
The shadow imp is severely wounded.
You hit the shadow imp.
The shadow imp is almost dead.
The shadow imp misses you.
You hit the shadow imp.
You kill the shadow imp!
The shadow imp degenerates into a cloud of primal chaos!
The ufetubus is engulfed in seething chaos.
The ufetubus seems to grow stronger.
The ufetubus closely misses you. The ufetubus hits you.
You barely miss the ufetubus. Your punch misses the ufetubus.
The ufetubus is lightly wounded.
The ufetubus is engulfed in seething chaos.
The ufetubus suddenly seems more resistant.
The ufetubus hits you.
* * * LOW HITPOINT WARNING * * *
The ufetubus hits you.
* * * LOW HITPOINT WARNING * * *
It was a potion of might.
You feel very mighty all of a sudden.
Xom roars with laughter!
The ufetubus is engulfed in seething chaos.
The ufetubus hits you.
You die...

#.#.######
#.#.##....
##.#.##....
#>.#.##....
#)...##....
#........รท)
#########..#.####.#
#..........#.# #(#
##@######..#.# #.#
##5#.......#.# #.#
#............# ##'#
##########...###...
#..............#...
##.#######...#.....
#.# #...###... ###
#...# ##.. #...#
#..


You could see an ufetubus (summoned, strong, resistant).

Vanquished Creatures
  3 ball pythons (D:1)
  An endoplasm (D:1)
  A giant cockroach (D:1)
  4 goblins (D:1)
  2 quokkas (D:1)
  3 bats (D:1)
  A frilled lizard (D:1)
15 creatures vanquished.

Notes
Turn   | Place    | Note
-------+----------+-------------------------------------------
     0 | D:1      | bobo the Gnoll Chaos Knight began the quest for the Orb.
     0 | D:1      | Reached XP level 1. HP: 23/23 MP: 1/1
    46 | D:1      | XOM: silly message
    92 | D:1      | XOM: divination: detect creatures
   111 | D:1      | XOM: silly message
   362 | D:1      | Reached XP level 2. HP: 29/29 MP: 2/2
   661 | D:1      | XOM: silly message
   894 | D:1      | XOM: summons 2 hostile demons
   914 | D:1      | Slain by an ufetubus

Illustrated notes

Levels and vault maps discovered:
D:1:      minmay_arrival_four_houses, layout_basic,
          chequers_serial_rivers_small_3

Action                     || total
---------------------------++-------
  Melee: Unarmed           ||    40
         Punch             ||     2
         Falchion          ||    12
         Bite              ||     2
  Evoke: Piece from Xom's  ||    12
    Use: Potion            ||     1
   Stab: Paralysed         ||     1
         Sleeping          ||     1
 Armour: Leather armour    ||    21
  Dodge: Dodged            ||    51

Table legend: (Time is in decaauts)
 A = Elapsed time spent in this place.
 B = Non-inter-level travel time spent in this place.
 C = Inter-level travel time spent in this place.
 D = Time resting spent in this place.
 E = Time spent auto-exploring this place.
 F = Levels seen in this place.
 G = Mean time per level.
                   A        B        C        D        E       F      G
               +--------+--------+--------+--------+--------+-----+--------+
         Total |    916 |    879 |     37 |      0 |    728 |   1 |  916.0 |
       Dungeon |    916 |    879 |     37 |      0 |    728 |   1 |  916.0 |
               +--------+--------+--------+--------+--------+-----+--------+

Top non-repeatable levels by time:
     D:1: 916 daAuts
